 Dungeon Crawl Stone Soup version 0.26.1-16-g4e020e15dc (webtiles) character file.

Game seed: 983740077693562941

427 Twinkles the Vandal (level 7, 0/46 HPs)
             Began as a Halfling Arcane Marksman on Mar 12, 2023.
             Slain by an ogre
             ... wielding a +0 giant club
              (18 damage)
             ... on level 4 of the Dungeon.
             The game lasted 00:09:38 (3870 turns).

Twinkles the Vandal (Halfling Arcane Marksman)      Turns: 3870, Time: 00:09:39

Health: 0/46       AC:  9    Str: 13    XL:     7   Next: 18%
Magic:  8/8        EV:  9    Int: 11    God:
Gold:   199        SH:  0    Dex: 15    Spells: 7/8 levels left

rFire    . . .     SeeInvis .   a - +0 hunting sling
rCold    . . .     Faith    .   (shield restricted)
rNeg     . . .     Spirit   .   u - +0 chain mail
rPois    .         Reflect  .   (no helmet)
rElec    .         Harm     .   n - +0 cloak (curse)
rCorr    .         Rampage  .   (no gloves)
Will     .....                  (no boots)
Stlth    ..........             (no amulet)
HPRegen  0.15/turn              (no ring)
MPRegen  0.11/turn              (no ring)

@: no status effects
A: small, mutation resistance 1
a: no special abilities


You were on level 4 of the Dungeon.
You visited 1 branch of the dungeon, and saw 4 of its levels.

You collected 199 gold pieces.

Inventory:

Hand Weapons
 a - a +0 hunting sling (weapon)
 t - a +0 hand axe
Missiles
 c - 67 stones
 d - 23 sling bullets (quivered ammo)
 y - 16 poisoned darts
Armour
 e - a +0 robe
 n - a cursed +0 cloak (worn)
 u - a +0 chain mail (worn)
 x - a cursed -1 pair of gloves
Jewellery
 z - a +6 ring of dexterity {unknown}
Scrolls
 g - 3 scrolls of remove curse {unknown}
 i - a scroll of teleportation {unknown}
 j - 2 scrolls of blinking {unknown}
 k - 2 scrolls of identify {unknown}
 l - 2 scrolls of random uselessness {unknown}
 o - 2 scrolls of amnesia {unknown}
 p - a scroll of immolation {unknown}
 q - a scroll of enchant armour {unknown}
Potions
 b - 3 potions of lignification {unknown}
 f - a potion of haste {unknown}
 h - a potion of attraction {unknown}
 m - 2 potions of magic {unknown}
 r - 2 potions of curing {unknown}
 s - 3 potions of cancellation {unknown}
 v - a potion of flight {unknown}
 w - a potion of berserk rage {unknown}


   Skills:
 + Level 3.6 Fighting
 + Level 6.4 Slings
 + Level 4.8 Dodging
 - Level 1.0 Spellcasting
 - Level 2.4 Hexes


You had 7 spell levels left.
You knew the following spells:

 Your Spells              Type           Power        Failure   Level
a - Corona                Hex            5%           99%         1

Your spell library contained the following spells:

 Spells                   Type           Power        Failure   Level
 Slow                     Hex            5%           100%        2
 Inner Flame              Hex/Fire       3%           100%        3
 Portal Projectile        Hex/Tloc       6%           100%        3
 Cause Fear               Hex            2%           100%        4
 Leda's Liquefaction      Hex/Erth       1%           100%        4


Dungeon Overview and Level Annotations

Branches:
Dungeon (4/15)
 Temple: D:4-7

Altars:
Makhleb
Nemelex Xobeh
Xom
Yredelemnul


Innate Abilities, Weirdness & Mutations

You are small and have problems with some larger weapons.
You are somewhat resistant to further mutation.


Message History

You see here 2 sling bullets.
Items here: ) †††.
There is a stone staircase leading up here.
You see here a sling bullet.
Things that are here:
a sling bullet; a frilled lizard corpse
Things that are here:
a poisoned dart; 4 sling bullets
Items here: ) †††.
There is a stone staircase leading up here.
Things that are here:
a scroll labelled YSOXEMN FESIACW; 11 stones The ogre hits you with a +0 giant club!
You see here a sling bullet.
Things that are here:
a sling bullet; a frilled lizard corpse
Things that are here:
a poisoned dart; 4 sling bullets The ogre hits you with a +0 giant club!!
You die...

##...#...#...##. # #..
#.###.##..#..#.
##...#.#...#.#...#...
##.. #.##...##.##.....
#...#.#.......#.#...#.
#.##.##[.#....##.##.#.
##.#(#...#####...#.#...
#..###.O###.###.(###...
#.....@## #...##((?...#
#.#.#.## #.#..##.(....
#.....# #.##..#......
###.### #.###...?....
#)# ##.# ##.......
#.######..#####...(##
#............##....#
####.<.......#######
#............


You could see an ogre.

Vanquished Creatures
  A centaur (D:3)
  An ogre (D:4)
  A bullfrog (D:4)
  A hound (D:2)
  An orc wizard (D:2)
  A worker ant (D:4)
  3 adders
  2 oozes
  4 worms
  5 dart slugs
  2 leopard geckos (D:1)
  3 orcs
  6 giant cockroaches
  5 hobgoblins
  4 jackals (D:3)
  3 ball pythons
  9 bats
  5 frilled lizards
  5 goblins
  6 kobolds
  8 rats
76 creatures vanquished.

Notes
Turn   | Place    | Note
-------+----------+-------------------------------------------
     0 | D:1      | Twinkles the Halfling Arcane Marksman began the quest for
                  | the Orb.
     0 | D:1      | Reached XP level 1. HP: 12/12 MP: 2/2
     9 | D:1      | Reached skill level 1 in Fighting
   131 | D:1      | Reached XP level 2. HP: 18/18 MP: 3/3
   382 | D:1      | Reached XP level 3. HP: 23/23 MP: 4/4
   756 | D:1      | Reached skill level 4 in Slings
  1441 | D:1      | Reached XP level 4. HP: 23/29 MP: 5/5
  1665 | D:2      | You fall into a shaft and drop 1 floor!
  1665 | D:3      | Found a sparkling altar of Nemelex Xobeh.
  1666 | D:3      | Found a basalt altar of Yredelemnul.
  1669 | D:3      | Found a burning altar of Makhleb.
  1669 | D:3      | Found a shimmering altar of Xom.
  1803 | D:2      | HP: 6/29 [adder (4)]
  1808 | D:2      | Reached XP level 5. HP: 8/35 MP: 6/6
  2414 | D:3      | Noticed a centaur
  3085 | D:3      | Killed a centaur
  3086 | D:3      | Reached skill level 5 in Slings
  3086 | D:3      | Reached XP level 6. HP: 14/41 MP: 7/7
  3654 | D:4      | Noticed an ogre
  3663 | D:4      | Killed an ogre
  3664 | D:4      | Reached skill level 6 in Slings
  3664 | D:4      | Reached XP level 7. HP: 42/46 MP: 8/8
  3752 | D:4      | HP: 13/46 [ogre/+0 giant club (15)]
  3870 | D:4      | Slain by an ogre

Illustrated notes

Levels and vault maps discovered:
D:1:      noname_arrival_rooms_in_the_neighbourhood, layout_basic,
          chequers_serial_rivers_micro_e, minmay_tiny_reverse_x
D:2:      layout_rooms
D:3:      layout_rooms, grunt_temple_overflow_open, serial_park_tiny_1
D:4:      layout_rooms, old_standard_altar, overflow_temple_1_default,
          minmay_vboxes, uniq_eustachio

Skill      XL: |  1  2  3  4  5  6 |
---------------+-------------------+-----
Fighting       | 1 2 3 |  3.6
Dodging        | 3 4 |  4.8
Slings         | 4 5 6 |  6.4
Spellcasting   | |  1.0
Hexes          | |  2.4

Action                   |  1- 3 |  4- 6 |  7- 9 || total
-------------------------+-------+-------+-------++-------
Melee: Hand axe          |       |    18 |       ||    18
 Fire: Hunting sling     |    97 |   192 |    12 ||   301
Throw: Dart              |       |       |     1 ||     1
Armor: Robe              |     3 |     8 |       ||    11
       Chain mail        |       |    42 |     5 ||    47
Dodge: Dodged            |    25 |    91 |     1 ||   117
